| TOP OF THE 1ST |
|
Billings Mustangs batting - Pitching for San Diego (APP) Padres : RHP Sam Barbuto
|
|
Pitching: RHP Sam Barbuto
|
|
|
Batting: LHB Clint Hanninen
|
0-0: Foul Ball, location: 2F 0-1: Foul Ball, location: 2F 0-2: Foul Ball, location: 2F 0-2: Strikes out swinging
|
|
Batting: RHB Will Trudeau
|
0-0: Ball 1-0: Ball 2-0: Called Strike 2-1: Foul Ball, location: 2F 2-2: Strikes out looking
|
|
Batting: SHB Gustavo Froio
|
0-0: Called Strike 0-1: Swinging Strike 0-2: Ball 1-2: Foul Ball, location: 2F 1-2: Strikes out swinging
|
| Top of the 1st over - 0 runs, 0 hits, 0 errors, 0 left on base; Billings 0 - San Diego (APP) 0 |
| BOTTOM OF THE 1ST |
|
San Diego (APP) Padres batting - Pitching for Billings Mustangs : RHP Ryan Krause
|
|
Pitching: RHP Ryan Krause
|
|
|
Batting: RHB Alex Collazo
|
0-0: Ball 1-0: Foul Ball, location: 2F 1-1: Called Strike 1-2: Ball 2-2: Strikes out swinging
|
|
Batting: RHB Adrian Cook
|
0-0: Ball 1-0: Ball 2-0: Called Strike 2-1: Foul Ball, location: 2F 2-2: Foul Ball, location: 2F 2-2: Ball 3-2: Base on Balls
|
|
Batting: LHB Justin Daley
|
0-0: Ball 1-0: Swinging Strike 1-1: 2-RUN HOME RUN (Flyball, 9LD, EV 96.2 MPH), Distance : 330 ft
|
|
Batting: RHB Eric McMillian
|
0-0: Ball 1-0: Ball 2-0: Called Strike 2-1: Called Strike 2-2: Foul Ball, location: 2F 2-2: Fly out, F8 (Flyball, 8LS, EV 94.4 MPH)
|
|
Batting: RHB Ken Hahn
|
0-0: Foul Ball, location: 2F 0-1: Foul Ball, location: 2F 0-2: Ball 1-2: Ball 2-2: Ball 3-2: SOLO HOME RUN (Flyball, 7D, EV 98.1 MPH), Distance : 373 ft
|
|
Batting: RHB Norinaga Yamakawakamatsu
|
0-0: Swinging Strike 0-1: Ground out 6-3 (Groundball, 6M, EV 85.0 MPH)
|
| Bottom of the 1st over - 3 runs, 2 hits, 0 errors, 0 left on base; Billings 0 - San Diego (APP) 3 |
| TOP OF THE 2ND |
|
Billings Mustangs batting - Pitching for San Diego (APP) Padres : RHP Sam Barbuto
|
|
Batting: RHB Emanuel Estrada
|
0-0: Swinging Strike 0-1: Swinging Strike 0-2: Strikes out swinging
|
|
Batting: SHB Sal Esparza
|
0-0: Called Strike 0-1: Called Strike 0-2: Strikes out swinging
|
|
Batting: RHB Rich Vanegas
|
0-0: Ball 1-0: Foul Ball, location: 2F 1-1: Foul Ball, location: 2F 1-2: Foul Ball, location: 2F 1-2: Ball 2-2: Strikes out swinging
|
| Top of the 2nd over - 0 runs, 0 hits, 0 errors, 0 left on base; Billings 0 - San Diego (APP) 3 |
| BOTTOM OF THE 2ND |
|
San Diego (APP) Padres batting - Pitching for Billings Mustangs : RHP Ryan Krause
|
|
Batting: RHB Max Stillo
|
0-0: Called Strike 0-1: Foul Ball, location: 2F 0-2: Strikes out looking
|
|
Batting: RHB Brian DeVoe
|
0-0: Foul Ball, location: 2F 0-1: Ball 1-1: SINGLE (Line Drive, 4M, EV 108.8 MPH)
|
|
Batting: LHB Gary Corrales
|
0-0: Ball 1-0: Called Strike 1-1: Called Strike 1-2: Fielders Choice at 2nd, 1-6 (Groundball, 13S, EV 71.9 MPH)
|
|
Batting: RHB Alex Collazo
|
0-0: Ball 1-0: Foul Ball, location: 2F 1-1: Ground out 4-3 (Groundball, 4M, EV 102.5 MPH)
|
| Bottom of the 2nd over - 0 runs, 1 hit, 0 errors, 1 left on base; Billings 0 - San Diego (APP) 3 |
| TOP OF THE 3RD |
|
Billings Mustangs batting - Pitching for San Diego (APP) Padres : RHP Sam Barbuto
|
|
Batting: LHB Jose Cruz
|
0-0: Ball 1-0: Swinging Strike 1-1: Ball 2-1: Called Strike 2-2: Foul Ball, location: 2F 2-2: Ball 3-2: Foul Ball, location: 2F 3-2: Foul Ball, location: 2F 3-2: Foul Ball, location: 2F 3-2: Base on Balls
|
|
Batting: RHB Juan Oliveros
|
0-0: Called Strike Jose Cruz steals 2nd, throwing error, E2 Jose Cruz to third 0-1: Ball 1-1: Ball 2-1: Ball 3-1: SINGLE (Flyball, 8RS, EV 95.6 MPH) Jose Cruz scores
|
|
Batting: RHB Declan Eichele
|
0-0: Ball 1-0: Foul Ball, location: 2F 1-1: Ground out 4-3 (Groundball, 13, EV 85.0 MPH) Juan Oliveros to second
|
|
Batting: LHB Clint Hanninen
|
0-0: Ground out 2-3 (Groundball, 2L, EV 73.8 MPH) Juan Oliveros to third
|
|
Batting: RHB Will Trudeau
|
0-0: Ball 1-0: Foul Ball, location: 2F 1-1: Swinging Strike Passed Ball! Juan Oliveros scores 1-2: Foul Ball, location: 2F 1-2: Strikes out swinging
|
| Top of the 3rd over - 2 runs, 1 hit, 1 error, 0 left on base; Billings 2 - San Diego (APP) 3 |
| BOTTOM OF THE 3RD |
|
San Diego (APP) Padres batting - Pitching for Billings Mustangs : RHP Ryan Krause
|
|
Batting: RHB Adrian Cook
|
0-0: Called Strike 0-1: Foul Ball, location: 2F 0-2: Ball 1-2: Ball 2-2: Strikes out swinging, 2-3 out at first.
|
|
Batting: LHB Justin Daley
|
0-0: Ball 1-0: Called Strike 1-1: Ball 2-1: Foul Ball, location: 2F 2-2: Foul Ball, location: 2F 2-2: Foul Ball, location: 2F 2-2: DOUBLE (Flyball, 8RXD, EV 97.5 MPH)
|
|
Batting: RHB Eric McMillian
|
0-0: Ball 1-0: Ball 2-0: Ball 3-0: Called Strike 3-1: Foul Ball, location: 2F 3-2: Ground out 5-3 (Groundball, 56, EV 102.5 MPH)
|
|
Batting: RHB Ken Hahn
|
0-0: Called Strike 0-1: Foul Ball, location: 2F 0-2: Ground out 4-3 (Groundball, 4M, EV 85.6 MPH)
|
| Bottom of the 3rd over - 0 runs, 1 hit, 0 errors, 1 left on base; Billings 2 - San Diego (APP) 3 |
| TOP OF THE 4TH |
|
Billings Mustangs batting - Pitching for San Diego (APP) Padres : RHP Sam Barbuto
|
|
Batting: SHB Gustavo Froio
|
0-0: Ball 1-0: Ball 2-0: Foul Ball, location: 2F 2-1: Swinging Strike 2-2: Ball 3-2: Strikes out swinging
|
|
Batting: RHB Emanuel Estrada
|
0-0: Called Strike 0-1: Ball 1-1: Ball 2-1: Foul Ball, location: 2F 2-2: Strikes out swinging
|
|
Batting: SHB Sal Esparza
|
0-0: Called Strike 0-1: SINGLE (Groundball, 4MD, EV 95.0 MPH)
|
|
Batting: RHB Rich Vanegas
|
0-0: Ball 1-0: Ball 2-0: Called Strike 2-1: Ground out 4-3 (Groundball, 4, EV 82.5 MPH)
|
| Top of the 4th over - 0 runs, 1 hit, 0 errors, 1 left on base; Billings 2 - San Diego (APP) 3 |
| BOTTOM OF THE 4TH |
|
San Diego (APP) Padres batting - Pitching for Billings Mustangs : RHP Ryan Krause
|
|
Batting: RHB Norinaga Yamakawakamatsu
|
0-0: Ball 1-0: Ball 2-0: Called Strike 2-1: Ball 3-1: Foul Ball, location: 2F 3-2: Strikes out swinging
|
|
Batting: RHB Max Stillo
|
0-0: Fly out, F8 (Flyball, 8LXD, EV 106.2 MPH)
|
|
Batting: RHB Brian DeVoe
|
0-0: Ball 1-0: Ball 2-0: Ball 3-0: Base on Balls
|
|
Batting: LHB Gary Corrales
|
0-0: Ball 1-0: Ball Brian DeVoe is caught stealing 2nd base 2-6
|
| Bottom of the 4th over - 0 runs, 0 hits, 0 errors, 0 left on base; Billings 2 - San Diego (APP) 3 |
| TOP OF THE 5TH |
|
Billings Mustangs batting - Pitching for San Diego (APP) Padres : RHP Sam Barbuto
|
|
Batting: LHB Jose Cruz
|
0-0: Foul Ball, location: 2F 0-1: Ball 1-1: Ball 2-1: Swinging Strike 2-2: Strikes out looking
|
|
Batting: RHB Juan Oliveros
|
0-0: Called Strike 0-1: Foul Ball, location: 2F 0-2: Strikes out swinging wild pitch, reaches first!
|
|
Batting: RHB Declan Eichele
|
0-0: Called Strike 0-1: Ball 1-1: Swinging Strike 1-2: Ball 2-2: Ball 3-2: Base on Balls Juan Oliveros to second
|
|
Batting: LHB Clint Hanninen
|
0-0: Foul Ball, location: 2F 0-1: Ball Wild Pitch! Juan Oliveros to third Declan Eichele to second 1-1: Foul Ball, location: 2F 1-2: Ball 2-2: Foul Ball, location: 2F 2-2: Foul Ball, location: 2F 2-2: Strikes out swinging
|
|
Pitching: RHP John Stiff
|
|
|
Batting: RHB Will Trudeau
|
0-0: Called Strike 0-1: Foul Ball, location: 2F 0-2: Strikes out swinging
|
| Top of the 5th over - 0 runs, 0 hits, 0 errors, 2 left on base; Billings 2 - San Diego (APP) 3 |
| BOTTOM OF THE 5TH |
|
San Diego (APP) Padres batting - Pitching for Billings Mustangs : RHP Ryan Krause
|
|
Pitching: LHP Alec Valencia
|
|
|
Batting: LHB Gary Corrales
|
0-0: Ball 1-0: Fly out, F7 (Line Drive, 7S, EV 86.9 MPH)
|
|
Batting: RHB Alex Collazo
|
0-0: Ball 1-0: Ball 2-0: Ball 3-0: Called Strike 3-1: Ground out 6-3 (Groundball, 6S, EV 65.6 MPH)
|
|
Batting: RHB Adrian Cook
|
0-0: Ball 1-0: Ball 2-0: DOUBLE (Line Drive, 9LM, EV 107.5 MPH)
|
|
Batting: LHB Justin Daley
|
0-0: Foul Ball, location: 2F 0-1: Foul Ball, location: 2F 0-2: Ball 1-2: Foul Ball, location: 2F 1-2: Fly out, F7 (Line Drive, 78M, EV 99.4 MPH)
|
| Bottom of the 5th over - 0 runs, 1 hit, 0 errors, 1 left on base; Billings 2 - San Diego (APP) 3 |
| TOP OF THE 6TH |
|
Billings Mustangs batting - Pitching for San Diego (APP) Padres : RHP John Stiff
|
|
Batting: SHB Gustavo Froio
|
0-0: Swinging Strike 0-1: Ground out 6-3 (Groundball, 6, EV 89.4 MPH)
|
|
Batting: RHB Emanuel Estrada
|
0-0: Ball 1-0: Swinging Strike 1-1: Ball 2-1: Called Strike 2-2: Ball 3-2: Strikes out swinging
|
|
Batting: SHB Sal Esparza
|
0-0: Called Strike 0-1: Ground out U3 (Groundball, 3L, EV 96.9 MPH)
|
| Top of the 6th over - 0 runs, 0 hits, 0 errors, 0 left on base; Billings 2 - San Diego (APP) 3 |
| BOTTOM OF THE 6TH |
|
San Diego (APP) Padres batting - Pitching for Billings Mustangs : LHP Alec Valencia
|
|
Batting: RHB Eric McMillian
|
0-0: Ball 1-0: Ground out 6-3 (Groundball, 6, EV 101.2 MPH)
|
|
Batting: RHB Ken Hahn
|
0-0: Called Strike 0-1: Swinging Strike 0-2: Ball 1-2: Foul Ball, location: 2F 1-2: Strikes out swinging
|
|
Batting: RHB Norinaga Yamakawakamatsu
|
0-0: Ball 1-0: Ball 2-0: Swinging Strike 2-1: Foul Ball, location: 2F 2-2: Ball 3-2: Base on Balls
|
|
Batting: RHB Max Stillo
|
0-0: Ball 1-0: Ball 2-0: Called Strike 2-1: Fly out, F7 (Line Drive, 7S, EV 93.1 MPH)
|
| Bottom of the 6th over - 0 runs, 0 hits, 0 errors, 1 left on base; Billings 2 - San Diego (APP) 3 |
| TOP OF THE 7TH |
|
Billings Mustangs batting - Pitching for San Diego (APP) Padres : RHP John Stiff
|
|
Batting: RHB Rich Vanegas
|
0-0: Ball 1-0: Foul Ball, location: 2F 1-1: Called Strike 1-2: Ground out 1-3 (Groundball, 13S, EV 69.4 MPH)
|
|
Batting: LHB Jose Cruz
|
0-0: Called Strike 0-1: Swinging Strike 0-2: Strikes out swinging
|
|
Batting: RHB Juan Oliveros
|
0-0: DOUBLE (Groundball, 5L, EV 105.0 MPH)
|
|
Batting: RHB Declan Eichele
|
0-0: Ball 1-0: Foul Ball, location: 2F 1-1: Foul Ball, location: 2F 1-2: Ball 2-2: Foul Ball, location: 2F 2-2: Ball 3-2: Base on Balls
|
|
Batting: LHB Clint Hanninen
|
0-0: Ball 1-0: Called Strike 1-1: Foul Ball, location: 2F 1-2: Foul Ball, location: 2F 1-2: Foul Ball, location: 2F 1-2: SINGLE (Line Drive, 4D, EV 99.4 MPH) Juan Oliveros to third Declan Eichele to second Throwing error, E9 Juan Oliveros scores Declan Eichele to third Clint Hanninen to second
|
|
Pitching: RHP Chris Pisor
|
|
|
Batting: RHB Will Trudeau
|
0-0: Foul Ball, location: 2F 0-1: Ball 1-1: Hit by Pitch
|
|
Batting: SHB Gustavo Froio
|
0-0: Foul Ball, location: 2F 0-1: Ball 1-1: Ball 2-1: Foul Ball, location: 2F 2-2: Foul Ball, location: 2F 2-2: Foul Ball, location: 2F 2-2: Hit by Pitch Declan Eichele scores Clint Hanninen to third Will Trudeau to second
|
|
Batting: RHB Emanuel Estrada
|
0-0: Ground out 4-3 (Groundball, 4, EV 90.0 MPH)
|
| Top of the 7th over - 2 runs, 2 hits, 1 error, 3 left on base; Billings 4 - San Diego (APP) 3 |
| BOTTOM OF THE 7TH |
|
San Diego (APP) Padres batting - Pitching for Billings Mustangs : LHP Alec Valencia
|
|
Pitching: RHP Boboy Cacabelos
|
|
|
Batting: RHB Brian DeVoe
|
0-0: Ball 1-0: Swinging Strike 1-1: Ball 2-1: Ground out 4-3 (Groundball, 4, EV 83.8 MPH)
|
|
Pinch Hitting: RHB Ricardo Ortiz
|
0-0: Swinging Strike 0-1: Ball 1-1: Swinging Strike 1-2: Foul Ball, location: 2F 1-2: Strikes out swinging
|
|
Batting: RHB Alex Collazo
|
0-0: Ball 1-0: Called Strike 1-1: Swinging Strike 1-2: Strikes out swinging
|
| Bottom of the 7th over - 0 runs, 0 hits, 0 errors, 0 left on base; Billings 4 - San Diego (APP) 3 |
| TOP OF THE 8TH |
|
Billings Mustangs batting - Pitching for San Diego (APP) Padres : RHP Chris Pisor
|
|
Pitching: LHP Ricardo de la Torre
|
|
|
Now in LF: Gabriel Diaz
|
|
|
Batting: SHB Sal Esparza
|
0-0: Ball 1-0: Foul Ball, location: 2F 1-1: Swinging Strike 1-2: Ball 2-2: Ball 3-2: Base on Balls
|
|
Batting: RHB Rich Vanegas
|
0-0: Sac Bunt to 5S - play at first, batter OUT! 5-3 Sal Esparza to second
|
|
Batting: LHB Jose Cruz
|
0-0: Intentional Walk
|
|
Batting: RHB Juan Oliveros
|
0-0: Ball 1-0: Swinging Strike 1-1: Ball 2-1: Foul Ball, location: 2F 2-2: Foul Ball, location: 2F 2-2: Foul Ball, location: 2F 2-2: Strikes out swinging
|
|
Batting: RHB Declan Eichele
|
0-0: Ball 1-0: Called Strike 1-1: Called Strike 1-2: Foul Ball, location: 2F 1-2: Ball 2-2: Foul Ball, location: 2F 2-2: Ball 3-2: Base on Balls Sal Esparza to third Jose Cruz to second
|
|
Batting: LHB Clint Hanninen
|
0-0: Swinging Strike 0-1: Ball 1-1: Ball 2-1: Called Strike 2-2: Ball 3-2: Foul Ball, location: 2F 3-2: Strikes out swinging
|
| Top of the 8th over - 0 runs, 0 hits, 0 errors, 3 left on base; Billings 4 - San Diego (APP) 3 |
| BOTTOM OF THE 8TH |
|
San Diego (APP) Padres batting - Pitching for Billings Mustangs : RHP Boboy Cacabelos
|
|
Batting: RHB Adrian Cook
|
0-0: Foul Ball, location: 2F 0-1: Foul Ball, location: 2F 0-2: Ball 1-2: Ground out 6-3 (Groundball, 6, EV 81.2 MPH)
|
|
Batting: LHB Justin Daley
|
0-0: Ground out 4-3 (Groundball, 34, EV 108.8 MPH)
|
|
Batting: RHB Eric McMillian
|
0-0: Ball 1-0: Swinging Strike 1-1: Ball 2-1: Foul Ball, location: 2F 2-2: Strikes out swinging
|
| Bottom of the 8th over - 0 runs, 0 hits, 0 errors, 0 left on base; Billings 4 - San Diego (APP) 3 |
| TOP OF THE 9TH |
|
Billings Mustangs batting - Pitching for San Diego (APP) Padres : LHP Ricardo de la Torre
|
|
Pitching: RHP Eric Busby
|
|
|
Batting: RHB Will Trudeau
|
0-0: Foul Ball, location: 2F 0-1: Swinging Strike 0-2: Ground out 6-3 (Groundball, 6, EV 89.4 MPH)
|
|
Batting: SHB Gustavo Froio
|
0-0: Called Strike 0-1: Ground out 6-3 (Groundball, 6M, EV 103.8 MPH)
|
|
Batting: RHB Emanuel Estrada
|
0-0: SINGLE (Groundball, 6MD, EV 102.5 MPH)
|
|
Batting: SHB Sal Esparza
|
0-0: Called Strike 0-1: Ball 1-1: Ball 2-1: Fly out, F8 (Flyball, 8LM, EV 96.2 MPH)
|
| Top of the 9th over - 0 runs, 1 hit, 0 errors, 1 left on base; Billings 4 - San Diego (APP) 3 |
| BOTTOM OF THE 9TH |
|
San Diego (APP) Padres batting - Pitching for Billings Mustangs : RHP Boboy Cacabelos
|
|
Pitching: RHP Roger Whitaker
|
|
|
Batting: RHB Ken Hahn
|
0-0: Ball 1-0: Swinging Strike 1-1: Ball 2-1: Called Strike 2-2: Strikes out swinging
|
|
Batting: RHB Norinaga Yamakawakamatsu
|
0-0: Called Strike 0-1: Ball 1-1: Foul Ball, location: 2F 1-2: Strikes out swinging
|
|
Pinch Hitting: RHB Brian Klinkner
|
0-0: Swinging Strike 0-1: Called Strike 0-2: Strikes out swinging
|
| Bottom of the 9th over - 0 runs, 0 hits, 0 errors, 0 left on base; Billings 4 - San Diego (APP) 3 |
|